 Dungeon Crawl Stone Soup version 0.15-a0-1619-g29500c9 (webtiles) character file.

914 Quh the Spear-Bearer (level 7, -1/52 HPs)
             Began as a Demonspawn Abyssal Knight on June 20, 2014.
             Was an Elder of Lugonu.
             Slain by Pikel
             ... wielding a +1 whip of freezing
              (2 damage)
             ... on Level 5 of the Dungeon.
             The game lasted 00:22:58 (7391 turns).

Quh the Spear-Bearer (Demonspawn Abyssal Knight)    Turns: 7391, Time: 00:22:58

HP  -1/52        AC 11     Str 14      XL: 7   Next: 82%
MP   9/9         EV  8     Int 14      God: Lugonu [****..]
Gold 216         SH  0     Dex 11      Spells:  0 memorised,  6 levels left

rFire  . . .     SeeInvis .     a - +1 spear (freeze)
rCold  . . .     Clarity  .     v - +0 scale mail
rNeg   . . .     rCorr    .     (no shield)
rPois  .         rRot     .     (no helmet)
rElec  .         Spirit   .     (no cloak)
SustAb .         Warding  .     q - +0 pair of gloves
rMut   .         Stasis   .     (no boots)
Gourm  .                        C - amulet of faith
MR     .....                    (no ring)
                                k - ring of wizardry

@: not resistant to hostile enchantments, extremely unstealthy
A: claws 1, rough black scales 1, powered by pain 1, spiny 2
a: Depart the Abyss, Bend Space, Banish, Corrupt, Renounce Religion


You were on level 5 of the Dungeon.
You worshipped Lugonu.
Lugonu was greatly pleased with you.
You were not hungry.

You visited 1 branch of the dungeon, and saw 5 of its levels.
You visited the Abyss 1 time.
You also visited: Sewer.

You collected 216 gold pieces.

Inventory:

Hand weapons
 a - a +1 spear of freezing (weapon)
 b - a +0 shortbow
 t - a +1 spear
 G - a +0 scythe
Missiles
 d - 44 stones (quivered)
 f - 6 poisoned arrows
 n - 22 bolts
 s - 2 tomahawks
 u - 74 arrows
 F - 9 exploding sling bullets
 R - 2 tomahawks of dispersal
Armour
 o - a +0 ring mail
 q - a +0 pair of gloves (worn)
 v - a +0 scale mail (worn)
 I - a +0 leather armour
Magical devices
 r - a wand of polymorph (13) {unknown}
 x - a wand of slowing (24) {unknown}
Comestibles
 c - 2 bread rations
 l - a meat ration
 K - a royal jelly
Scrolls
 e - a scroll of blinking {unknown}
 g - 5 scrolls of teleportation
 h - 2 scrolls of remove curse
 j - a scroll of recharging
 p - 4 scrolls of fog {unknown}
 D - a scroll of enchant weapon {unknown}
 H - a scroll of fear {unknown}
 J - a scroll of random uselessness {unknown}
 L - a scroll of enchant armour {unknown}
 N - a scroll of amnesia
Jewellery
 k - a ring of wizardry (left hand)
 y - an uncursed amulet of resist mutation
 C - an amulet of faith (around neck)
 E - an uncursed ring of see invisible {unknown}
Potions
 i - 2 potions of flight
 m - a potion of lignification
 w - a potion of poison {unknown}
 z - a potion of cure mutation {unknown}
 A - a potion of beneficial mutation {unknown}
 B - a potion of brilliance {unknown}
 M - a potion of invisibility {unknown}
 O - a potion of magic {unknown}
 P - a potion of curing


   Skills:
 - Level 3.0 Fighting
 * Level 8.4 Polearms
 + Level 0.0 Bows
 - Level 1.7 Armour
 - Level 0.8 Dodging
 * Level 2.6 Invocations


You had 6 spell levels left.
You didn't know any spells.

Dungeon Overview and Level Annotations

Branches:
Dungeon (5/15)
 Temple: D:4-7

Altars:
Cheibriados
Fedhas
Kikubaaqudgha
Makhleb
Vehumet

Annotations:
D:5 Pikel, Prince Ribbit


Innate Abilities, Weirdness & Mutations

You have sharp fingernails.
You are partially covered in rough black scales (AC +4, Dex -1).
You sometimes gain a little power by taking damage.
You are mostly covered in sharp spines.


Message History

Pikel is severely wounded.
The slave hits you but does no damage.
You hit Pikel but do no damage.
Pikel is severely wounded.
Pikel hits you but does no damage. The slave hits you but does no damage.
You hit Pikel. You freeze Pikel.
Pikel is severely wounded.
Pikel hits you with a whip of freezing.
* * * LOW HITPOINT WARNING * * *
Pikel freezes you.
* * * LOW HITPOINT WARNING * * *
You closely miss Pikel.
Pikel is severely wounded.
The slave hits you but does no damage.
You hit Pikel. You freeze Pikel.
Pikel is almost dead.
Pikel hits you with a whip of freezing.
* * * LOW HITPOINT WARNING * * *
Pikel freezes you.
You die...

#######..... %..
..........### #.#
#######.## #.# #.# #.#
#.# #.# #.# # #.#
##########.#
#.##.#######.......!..#
#.....ppK@pp..........#
###.#######"##########
#.#######.# #....p....#
###########


You could see Pikel and 4 slaves.

Vanquished Creatures
  Purgy (Sewer)
  A centaur (D:3)
  Sigmund (D:3)
  2 ogres (D:4)
  A giant frog (D:3)
  2 hounds
  A big fish (Sewer)
  Natasha (D:3)
  A worker ant (D:4)
  Jessica (D:3)
  Terence (D:3)
  9 adders
  5 gnolls
  A green rat (D:3)
  2 worms
  An adder skeleton (D:4)
  6 giant geckos
  An ooze (D:2)
  9 orcs
  7 ball pythons
  A bat skeleton (D:4)
  3 giant cockroaches
  8 goblins
  12 hobgoblins
  16 bats
  4 giant newts
  3 jackals (D:1)
  A jackal skeleton (D:4)
  11 kobolds
  A kobold skeleton (D:4)
  15 rats
129 creatures vanquished.

Notes
Turn   | Place    | Note
--------------------------------------------------------------
     0 | Abyss:1  | Quh, the Demonspawn Abyssal Knight, began the quest for the Orb.
     0 | Abyss:1  | Reached XP level 1. HP: 18/18 MP: 1/1
    92 | Abyss:1  | Noticed a large abomination
   100 | Abyss:1  | Noticed a sun demon
   101 | Abyss:1  | Noticed a freezing wraith
   102 | D:1      | Escaped the Abyss
   496 | D:1      | Gained mutation: You are partially covered in sharp spines. [demonic ancestry]
   496 | D:1      | Reached XP level 2. HP: 17/24 MP: 2/2
   816 | D:1      | Acquired Lugonu's first power
  1214 | D:1      | Gained mutation: You are mostly covered in sharp spines. [demonic ancestry]
  1214 | D:1      | Reached XP level 3. HP: 29/29 MP: 4/4
  2170 | D:2      | Acquired Lugonu's second power
  2200 | D:2      | Reached skill level 4 in Polearms
  2200 | D:2      | Gained mutation: You sometimes gain a little power by taking damage. [demonic ancestry]
  2200 | D:2      | Reached XP level 4. HP: 20/35 MP: 5/5
  2657 | D:2      | Found a burning altar of Makhleb.
  2824 | D:3      | Found a glowing drain.
  2842 | D:3      | Gained mutation: You have sharp fingernails. [demonic ancestry]
  2842 | D:3      | Reached XP level 5. HP: 17/41 MP: 6/6
  3027 | Sewer    | Entered a sewer
  3337 | Sewer    | Reached skill level 5 in Polearms
  3516 | Sewer    | Noticed Purgy
  3834 | Sewer    | Killed Purgy
  3834 | Sewer    | Gained mutation: You are partially covered in rough black scales (AC +4, Dex -1). [demonic ancestry]
  3834 | Sewer    | Reached XP level 6. HP: 4/47 MP: 8/8
  4213 | D:3      | Noticed a giant frog
  4224 | D:3      | Killed a giant frog
  4224 | D:3      | Reached skill level 6 in Polearms
  4247 | D:3      | Acquired Lugonu's third power
  4283 | D:3      | Noticed Terence
  4313 | D:3      | Killed Terence
  4381 | D:3      | Noticed Sigmund
  4400 | D:3      | Killed Sigmund
  4638 | D:3      | Noticed Jessica
  4662 | D:3      | Killed Jessica
  4831 | D:3      | Noticed Natasha
  4844 | D:3      | Killed Natasha
  4860 | D:3      | Noticed a centaur
  4884 | D:3      | Killed a centaur
  4884 | D:3      | Reached skill level 7 in Polearms
  4884 | D:3      | Reached XP level 7. HP: 8/52 MP: 9/9
  5266 | D:3      | Acquired Lugonu's fourth power
  5799 | D:4      | HP: 2/52 [gnoll/halberd (10)]
  6291 | D:4      | Reached skill level 8 in Polearms
  6320 | D:4      | Found a radiant altar of Vehumet.
  6321 | D:4      | Found a blossoming altar of Fedhas.
  6321 | D:4      | Found an ancient bone altar of Kikubaaqudgha.
  6340 | D:4      | Found a snail-covered altar of Cheibriados.
  6404 | D:4      | Noticed Ijyb
  7256 | D:5      | Entered Level 5 of the Dungeon
  7256 | D:5      | Noticed Prince Ribbit
  7357 | D:5      | Noticed Pikel
  7391 | D:5      | HP: 1/52 [Pikel/whip of freezing (6)]
  7391 | D:5      | Slain by Pikel

Action                   |  1- 3 |  4- 6 |  7- 9 || total
-------------------------+-------+-------+-------++-------
Melee: Spear             |   131 |   253 |   184 ||   568
 Fire: Shortbow          |       |       |    23 ||    23
Throw: Stone             |    22 |    19 |    24 ||    65
Invok: Depart the Abyss  |     1 |       |       ||     1
  Use: Scroll            |       |     5 |     2 ||     7
       Potion            |       |     3 |     1 ||     4
